 Dungeon Crawl Stone Soup version 0.32-a0-422-g28b100f618 (webtiles) character file.

Game seed: 10717910361840742280

4721 Alarak the Thaumaturge (level 10, -1/60 HPs)
             Began as a Djinni Fire Elementalist on Feb 21, 2024.
             Slain by Dowan
             ... wielding a +2 vampiric dagger
              (4 damage)
             ... on level 7 of the Dungeon.
             The game lasted 00:17:11 (5258 turns).

Alarak the Thaumaturge (Djinni Fire Elementalist)   Turns: 5258, Time: 00:17:16

Health: -1/60      AC:  5    Str:  7    XL:     10   Next: 73%
Gold:   190        EV: 12    Int: 20    God:
                   SH:  0    Dex: 15

rFire   + + .        k - +2 dagger (vamp)
rCold   x . .        (no shield)
rNeg    . . .        v - +2 robe
rPois   ∞            i - +0 helmet
rElec   .            y - scarf {repulsion}
rCorr   .            (no gloves)
SInv    .            (boots unavailable)
Will    +....        (no amulet)
Stlth   ++           (no ring)
HPRegen 0.30/turn    (no ring)
MPRegen 0.00/turn

%: repel missiles, infuse magic (-2 HP)
@: flying
A: sickness immunity, fire resistance 2, cold vulnerability 1, float, innate
caster, HP casting, extra vitality 1
a: no special abilities


You were on level 7 of the Dungeon.
You visited 1 branch of the dungeon, and saw 7 of its levels.

You collected 271 gold pieces.
You spent 81 gold pieces at shops.

Inventory:

Hand Weapons
 k - a +2 vampiric dagger (weapon)
Armour
 a - a +0 robe
 i - a +0 helmet (worn)
 l - the +1 leather armour of Gozag's Displeasure {rElec Int+3 Stlth-}
   (You found it on level 4 of the Dungeon)

   Int+3:     It affects your intelligence (+3).
   rElec:     It insulates you from electricity.
   Stlth-:    It makes you less stealthy.
 v - a +2 robe (worn)
 x - an orb of wrath
 y - a scarf of repulsion (worn)
Wands
 B - a wand of paralysis (6)
Scrolls
 b - 5 scrolls of noise
 c - a scroll of vulnerability
 g - a scroll of immolation
 h - 2 scrolls of amnesia {unknown}
 j - a scroll of enchant weapon {unknown}
 n - 2 scrolls of fog {unknown}
 o - 2 scrolls of poison {unknown}
 q - a scroll of blinking {unknown}
 r - a scroll of teleportation {unknown}
 t - 4 scrolls of identify
Potions
 d - 4 potions of mutation {unknown}
 e - 3 potions of curing {unknown}
 f - a potion of attraction {unknown}
 m - 4 potions of heal wounds {unknown}
 p - 2 potions of resistance {unknown}
 s - a potion of might {unknown}
 u - a potion of enlightenment {unknown}
 w - a potion of invisibility {unknown}
 z - a potion of haste {unknown}
 A - a potion of brilliance {unknown}


   Skills:
 - Level 2.1 Dodging
 - Level 1.5 Stealth
 + Level 12.1 Spellcasting
 + Level 12.1 Conjurations
 + Level 12.1 Hexes
 + Level 12.1 Summonings
 + Level 12.1 Necromancy
 + Level 12.1 Translocations
 + Level 12.1 Fire Magic
 + Level 12.1 Ice Magic
 + Level 12.1 Air Magic
 + Level 12.1 Earth Magic
 + Level 12.1 Alchemy


You knew the following spells:

 Your Spells              Type           Power      Damage    Failure   Level
a - Foxfire               Conj/Fire      100%       2x1d9     1%          1
b - Scorch                Fire           100%       2d9       1%          2
c - Volatile Blastmotes   Fire/Tloc      100%       2d18      1%          3
d - Inner Flame           Hex/Fire       57%        N/A       1%          3
e - Flame Wave            Conj/Fire      57%        2d14      1%          4
f - Summon Small Mammal   Summ           100%       N/A       1%          1
g - Call Imp              Summ           100%       N/A       1%          2
h - Gell's Gravitas       Tloc           57%        N/A       1%          3
i - Fulminant Prism       Conj/Alch      28%        3d14      1%          4
Your spell library was empty.

Dungeon Overview and Level Annotations

Branches:
Dungeon (7/15)             Temple (0/1) D:7

Altars:
Elyvilon

Shops:
D:1 (   D:6 [

Portals:
Abyss: D:4

Annotations:
D:4 2 transporters, 1ns4n1ty's ghost, amateur DsGl
D:7 Dowan


Innate Abilities, Weirdness & Mutations

You are immune to sickness and miasma.
You are immune to poison.
Your flesh is very heat resistant. (rF++)
You are vulnerable to cold. (rC-)
You float through the air rather than walking.
You learn spells naturally, not from books.
Your magical power is your life essence.
You have superior vitality. (+4 MHP)


Message History

* * * LOW HITPOINT WARNING * * *
A fulminant prism comes into view.
Your fulminant prism crackles loudly.
You hear an explosion!
The blast of energy engulfs Duvessa!
Duvessa is heavily wounded.
Casting: Fulminant Prism (safe; 1% risk of failure)
Confirm with . or Enter, or press ? or * to list all spells.
Flames lash Duvessa but do no damage.
* * * LOW HITPOINT WARNING * * *
You hear a shout!
Casting: Scorch (safe; 1% risk of failure)
Confirm with . or Enter, or press ? or * to list all spells.
Flames lash Duvessa.
Duvessa is severely wounded.
Duvessa's fire resistance burns away.
* * * LOW HITPOINT WARNING * * *
Dowan, Brother of Duvessa comes into view.
He is wielding a +2 vampiric dagger, wearing a +2 robe of fire resistance and carrying a wand of flame.
Duvessa hits you with a +0 short sword!
* * * LOW HITPOINT WARNING * * *
Casting: Scorch (safe; 1% risk of failure)
Confirm with . or Enter, or press ? or * to list all spells.
Flames lash Duvessa.
Duvessa is burned terribly!
You kill Duvessa!
Dowan screams, "No!
Oh no!"
Dowan seems to find hidden reserves of power!
* * * LOW HITPOINT WARNING * * *
Dowan casts a spell.
Dowan blinks!
Dowan zaps a wand.
The puff of flame is repelled.
Dowan mumbles some strange words.
Dowan blinks!
Casting: Scorch (safe; 1% risk of failure)
Confirm with . or Enter, or press ? or * to list all spells.
Flames lash Dowan.
Dowan resists.
Dowan is lightly wounded.
Dowan's fire resistance burns away.
* * * LOW HITPOINT WARNING * * *
Dowan hits you with a +2 vampiric dagger.
You die...

.# #.#..####....# #
#.####......# .. #####..#
#..###.## ..# ..##..# #...#
..# ..## #....# ##...###.##
.... ###..#
#.##..##..####..#. ##.##
##.###............# #
#..###.## #..#§..#.#. #
#......#####)@###..# #
#...........#e#:#.###.#.# .#
##....:.>##...##'.....'#
##....##...###..#.).#####...#
..♣..###..# #...)..#...# .
.....## #..# ###....'..[#.# .
##### ##..###.e...#...#.#..
##...#..#...#####...#
.......e.##'.....+


You could see Dowan (fast, combustible).

Vanquished Creatures
  2 two-headed ogres
  Maggie (D:7)
  Grinder (D:3)
  A hornet (D:7)
  A wraith (D:6)
  A wyvern (D:7)
  Eustachio (D:4)
  3 steam dragons (D:7)
  Duvessa (D:7)
  An orc warrior (D:7)
  An ice beast (D:7)
  A black bear (D:5)
  2 sky beasts (D:7)
  An ogre (D:4)
  2 phantoms
  A kobold brigand (D:7)
  4 bullfrogs
  A gnoll sergeant (D:7)
  A scorpion (D:6)
  A howler monkey (D:7)
  5 hounds
  2 orc priests
  A bombardier beetle (D:6)
  2 jellies
  An iguana (D:4)
  3 orc wizards
  Robin (D:2)
  11 gnolls
  9 adders
  3 ufetubi
  16 orcs
  9 ball pythons
  2 endoplasms (D:3)
  2 giant cockroaches
  13 goblins
  9 hobgoblins
  A quokka (D:1)
  A bat (D:2)
  A frilled lizard (D:3)
  10 kobolds
  4 rats
134 creatures vanquished.

Vanquished Creatures (others)
  422 foxfires
  2 fulminant prisms (D:7)
424 creatures vanquished.

Grand Total: 558 creatures vanquished

Notes
Turn   | Place    | Note
-------+----------+-------------------------------------------
     0 | D:1      | Alarak the Djinni Fire Elementalist began the quest for the
                  | Orb.
     0 | D:1      | Alarak set off with the following spells memorised:
                  | Foxfire, Scorch, Volatile Blastmotes, Inner Flame, Flame
                  | Wave.
     0 | D:1      | Reached XP level 1. HP: 15/15 MP: 0/0
    98 | D:1      | Found Amamivos's Antique Weapon Shoppe.
   166 | D:1      | Reached XP level 2. HP: 18/21 MP: 0/0
   401 | D:1      | Reached XP level 3. HP: 22/25 MP: 0/0
   401 | D:1      | Learned a level 1 spell: Summon Small Mammal
   788 | D:2      | Noticed Robin
   788 | D:2      | Killed Robin
   789 | D:2      | Reached XP level 4. HP: 23/31 MP: 0/0
  1418 | D:3      | Reached XP level 5. HP: 34/35 MP: 0/0
  1418 | D:3      | Learned a level 2 spell: Call Imp
  1448 | D:3      | Noticed Grinder
  1456 | D:3      | Killed Grinder
  1457 | D:3      | Reached skill level 5 in Spellcasting
  1457 | D:3      | Reached skill level 5 in Conjurations
  1457 | D:3      | Reached skill level 5 in Hexes
  1457 | D:3      | Reached skill level 5 in Summonings
  1457 | D:3      | Reached skill level 5 in Necromancy
  1457 | D:3      | Reached skill level 5 in Translocations
  1457 | D:3      | Reached skill level 5 in Fire Magic
  1457 | D:3      | Reached skill level 5 in Ice Magic
  1457 | D:3      | Reached skill level 5 in Air Magic
  1457 | D:3      | Reached skill level 5 in Earth Magic
  1457 | D:3      | Reached skill level 5 in Alchemy
  1457 | D:3      | Reached XP level 6. HP: 31/40 MP: 0/0
  1724 | D:3      | Reached XP level 7. HP: 24/45 MP: 0/0
  1724 | D:3      | Learned a level 3 spell: Gell's Gravitas
  2149 | D:4      | Found a transporter.
  2174 | D:4      | Noticed a small abomination
  2669 | D:4      | Found a transporter.
  2682 | D:4      | Found a one-way gate to the infinite horrors of the Abyss.
  2682 | D:4      | Noticed 1ns4n1ty's ghost (amateur DsGl)
  2793 | D:4      | Noticed Eustachio
  2799 | D:4      | Killed Eustachio
  2800 | D:4      | Reached XP level 8. HP: 39/50 MP: 0/0
  2935 | D:4      | Identified the +1 leather armour of Gozag's Displeasure
                  | {rElec Int+3 Stlth-}
  3078 | D:5      | Entered Level 5 of the Dungeon
  3248 | D:5      | Noticed a two-headed ogre
  3253 | D:5      | Killed a two-headed ogre
  3254 | D:5      | Reached XP level 9. HP: 49/55 MP: 0/0
  3254 | D:5      | Learned a level 4 spell: Fulminant Prism
  3414 | D:5      | Found a white marble altar of Elyvilon.
  3884 | D:6      | Found Sarphi Zyki's Antique Armour Shoppe.
  3896 | D:6      | Bought a glowing robe for 81 gold pieces
  4115 | D:6      | Reached skill level 10 in Spellcasting
  4115 | D:6      | Reached skill level 10 in Conjurations
  4115 | D:6      | Reached skill level 10 in Hexes
  4115 | D:6      | Reached skill level 10 in Summonings
  4115 | D:6      | Reached skill level 10 in Necromancy
  4115 | D:6      | Reached skill level 10 in Translocations
  4115 | D:6      | Reached skill level 10 in Fire Magic
  4115 | D:6      | Reached skill level 10 in Ice Magic
  4115 | D:6      | Reached skill level 10 in Air Magic
  4115 | D:6      | Reached skill level 10 in Earth Magic
  4115 | D:6      | Reached skill level 10 in Alchemy
  4569 | D:7      | Noticed Maggie
  4569 | D:7      | Found a staircase to the Ecumenical Temple.
  4573 | D:7      | Killed Maggie
  4955 | D:7      | Reached XP level 10. HP: 40/60 MP: 0/0
  4962 | D:7      | Noticed a two-headed ogre
  4964 | D:7      | Killed a two-headed ogre
  5231 | D:7      | Noticed Duvessa
  5253 | D:7      | Noticed Dowan
  5254 | D:7      | Killed Duvessa
  5258 | D:7      | Slain by Dowan

Illustrated notes

Levels and vault maps discovered:
D:1:      lemuel_arrival_tunnels, layout_basic, serial_shops,
          nicolae_square_shop, moated_statue
D:2:      layout_rooms, uniq_robin
D:3:      layout_basic, uniq_grinder
D:4:      layout_gridville, gammafunk_ghost_abyssal_escape, uniq_eustachio
D:5:      layout_cave_pools, elyvilon_altar_5, kennysheep_mini_moat
D:6:      layout_gridville, serial_shops, shop, kennysheep_generic_room_4
D:7:      layout_layer_cave, nemelex_xobeh_ov_fountains_minmay,
          yredelemnul_forgotten_temple_becter, regret_index_xom_of_box,
          minmay_temple_entry_overgrown, nicolae_custom_books,
          minmay_fractal_squares_diagonal_5, uniq_duvessa, uniq_maggie,
          uniq_maurice

Skill      XL: |  1  2  3  4  5  6  7  8  9 10 |
---------------+-------------------------------+-----
Spellcasting   | 4 5 6 7 9 10 12 | 12.1
Conjurations   | 4 5 6 7 9 10 12 | 12.1
Hexes          | 4 5 6 7 9 10 12 | 12.1
Summonings     | 4 5 6 7 9 10 12 | 12.1
Necromancy     | 4 5 6 7 9 10 12 | 12.1
Translocations | 4 5 6 7 9 10 12 | 12.1
Fire Magic     | 4 5 6 7 9 10 12 | 12.1
Ice Magic      | 4 5 6 7 9 10 12 | 12.1
Air Magic      | 4 5 6 7 9 10 12 | 12.1
Earth Magic    | 4 5 6 7 9 10 12 | 12.1
Alchemy        | 4 5 6 7 9 10 12 | 12.1
Dodging        | |  2.1
Stealth        | |  1.5

Action                     |  1- 3 |  4- 6 |  7- 9 | 10-12 || total
---------------------------+-------+-------+-------+-------++-------
   Cast: Foxfire           |    44 |    60 |   117 |    19 ||   240
         Scorch            |     1 |     4 |    34 |    11 ||    50
         Inner Flame       |     1 |     7 |    39 |    13 ||    60
         Fulminant Prism   |       |       |       |     2 ||     2
    Use: Scroll            |       |       |     3 |       ||     3
 Armour: Robe              |     1 |       |    13 |     4 ||    18
         Leather armour    |       |       |     2 |       ||     2
  Dodge: Dodged            |       |       |     5 |     4 ||     9
         Repelled          |       |       |       |     1 ||     1

Table legend: (Time is in decaauts)
 A = Elapsed time spent in this place.
 B = Non-inter-level travel time spent in this place.
 C = Inter-level travel time spent in this place.
 D = Time resting spent in this place.
 E = Time spent auto-exploring this place.
 F = Levels seen in this place.
 G = Mean time per level.
                   A        B        C        D        E       F      G
               +--------+--------+--------+--------+--------+-----+--------+
         Total |   5263 |   5086 |    177 |    852 |   3549 |   7 |  751.9 |
       Dungeon |   5263 |   5086 |    177 |    852 |   3549 |   7 |  751.9 |
               +--------+--------+--------+--------+--------+-----+--------+

Top non-repeatable levels by time:
     D:6: 1065 daAuts
     D:4: 1008 daAuts
     D:1: 779 daAuts
     D:3: 705 daAuts
     D:5: 648 daAuts
     D:2: 583 daAuts
     D:7: 472 daAuts
